 Dungeon Crawl Stone Soup version 0.28-a0-687-gb91baff9cc (webtiles) character file.

Game seed: 14792157482133594338

5 spiderkeys the Skirmisher (level 1, -14/11 HPs)
             Began as a Vine Stalker Abyssal Knight on Oct 20, 2021.
             Was a Follower of Lugonu.
             Killed from afar by a smoke demon (15 damage)
             ... with a ball of steam
             ... on level 2 of the Abyss.
             The game lasted 00:00:51 (353 turns).

spiderkeys the Skirmisher (VSAK)                     Turns: 353, Time: 00:00:52

Health: -14/11     AC:  3    Str: 15    XL:     1   Next: 80%
Magic:  0/3        EV: 11    Int: 10    God:    Lugonu [*.....]
Gold:   47         SH:  0    Dex: 14    Spells: 0/0 levels left

rFire   . . .      SeeInvis .   d - +2 whip (elec)
rCold   . . .      Faith    .   (no shield)
rNeg    . . .      Spirit   +   b - +0 leather armour
rPois   .          Reflect  .   (no helmet)
rElec   .          Harm     .   (no cloak)
rCorr   .          Rampage  .   (no gloves)
Will    .....                   (no boots)
Stlth   +.........              (no amulet)
HPRegen 0.03/turn               (no ring)
MPRegen 0.08/turn               (no ring)

@: no status effects
A: fangs 2, magic shield, antimagic bite, no potion heal 2
a: Renounce Religion, Depart the Abyss


You were on level 2 of the Abyss.
You worshipped Lugonu.
Lugonu was aware of your devotion.
You visited 0 branches of the dungeon, and saw 0 of its levels.
You visited the Abyss 1 time.

You collected 47 gold pieces.


Innate Abilities, Weirdness & Mutations

You have extremely sharp teeth.
When hurt, damage is shared between your health and your magic reserves.
Your bite disrupts and absorbs the magic of your enemies.
Potions cannot restore your health.


   Skills:
 + Level 2.7 Fighting
 + Level 1.9 Short Blades
 + Level 1.6 Armour
 + Level 0.9 Dodging
 + Level 1.9 Invocations


You couldn't memorise any spells.
You didn't know any spells.
Your spell library was empty.

Inventory:

Hand Weapons
 a - a +1 short sword
 d - a +2 whip of electrocution (weapon)
   (You found it on level 2 of the Abyss)
Missiles
 c - 29 stones
Armour
 b - a +0 leather armour (worn)

Dungeon Overview and Level Annotations

Branches:
Dungeon (0/15)

Altars:

#. #. #.# ..# #
#.###.#######
###.#..#.#.....###
...###..##...## ###
.#.....#$...#.#...# .
#.....#.## #.#.####
...#.3#...#..#......#
..
#..##@.....#..#.###
.. #. ####..##. ##..
# #.##.## .#.#... ..#
..#....
.#####.#...#.#
...##..... ..#.#####
.## . . ... .. ... #
.......#..... . .. .
#..#............... .
.. .. ## #. ...#...
.. ..


You could see a smoke demon.


Message History

The ufetubus shouts!
You completely miss the ufetubus. You bite the ufetubus. You drain its power.
The ufetubus hits you but does no damage.
The ufetubus hits you. The ufetubus barely misses you.
The ufetubus hits you but does no damage. 😕 HP[-1] MP[-1]
You take 1 damage, and now have 10/11 hp.
You lost 1 mp, and now have 2/3 mp.
You barely miss the ufetubus. The ufetubus barely misses you.
The ufetubus misses you.
Your leather armour prevents you from hitting the ufetubus.
Your bite misses the ufetubus. The ufetubus hits you. x2
The ufetubus closely misses you.
The ufetubus hits you but does no damage. 😕 HP[-1] MP[-1]
You take 1 damage, and now have 9/11 hp.
You lost 1 mp, and now have 1/3 mp.
You hit the ufetubus. Your bite misses the ufetubus.
The ufetubus completely misses you. The ufetubus barely misses you.
You miss the ufetubus.
You bite the ufetubus, but do no damage.
The ufetubus closely misses you. The ufetubus barely misses you.
The ufetubus hits you.
The ufetubus hits you but does no damage. 😮 HP[-3] MP[-1]
You take 3 damage, and now have 6/11 hp.
MASSIVE DAMAGE!! (PAUSE)
You lost 1 mp, and now have 0/3 mp.
You hit the ufetubus but do no damage. Your bite misses the ufetubus.
The ufetubus closely misses you.
The ufetubus hits you but does no damage. 😮 HP[+1]
You barely miss the ufetubus. Your bite misses the ufetubus.
The ufetubus barely misses you.
The ufetubus hits you but does no damage.
The ufetubus barely misses you. The ufetubus hits you.
* * * LOW HITPOINT WARNING * * *
😨 HP[-2]
You take 2 damage, and now have 5/11 hp.
You hit the ufetubus.
You kill the ufetubus!
A basilisk comes into view. 😮 HP[+1] MP[+3]
Your mp is fully restored (3).
A basilisk is nearby!
Unknown command. 😮 HP[+1]
Found a gateway leading deeper into the Abyss.
Found a gateway leading deeper into the Abyss.
There is a gateway leading deeper into the Abyss here.
A quasit comes into view.
The quasit gives a chilling moan.
A thrashing horror comes into view. 😮 HP[+1]
There is a gateway leading deeper into the Abyss here.
You plunge deeper into the Abyss.
You now have 29 gold pieces.
You now have 47 gold pieces (gained 18).
c - 29 stones
d - a blue potion It was a potion of invisibility.
You fade into invisibility!
You are very lightly contaminated with residual magic. 😕 HP[+1]
You flicker for a moment.
You flicker back into view.
Your magical contamination has completely faded away.
You see here a +2 whip of electrocution.
d - a +2 whip of electrocution Non-targeted abil: Depart the Abyss
Press: ? - help, Q - select action, (/) - cycle Dir - look around, f - activate
Okay, then.
An ufetubus comes into view.
You hear the crackle of electricity.
d - a +2 whip of electrocution (weapon)
😕 HP[+1]
A large abomination comes into view.
A smoke demon comes into view.
The smoke demon roars!
You see here 14 gold pieces.
You hit the smoke demon but do no damage.
You bite the smoke demon, but do no damage.
The smoke demon hits you but does no damage.
The smoke demon closely misses you. The smoke demon hits you. 😮 HP[-2]
You take 2 damage, and now have 8/11 hp.
You hit the smoke demon. The smoke demon gestures at you. Something smites you!
Ouch! That really hurt!
* * * LOW HITPOINT WARNING * * *
😱 HP[-7] MP[-3]
You take 7 damage, and now have 1/11 hp.
MASSIVE DAMAGE!! (PAUSE)
You lost 3 mp, and now have 0/3 mp.
You closely miss the smoke demon. The smoke demon gestures at you.
The ball of steam hits you!
Ouch! That really hurt!
You die...

Action                   || total
-------------------------++-------
Melee: Short sword       ||     8
       Whip              ||     3
       Bite              ||     3
  Use: Potion            ||     1
Armor: Leather armour    ||     7
Dodge: Dodged            ||    12

Levels and vault maps discovered:
Abyss:2:  base:
Temple

Notes
Turn   | Place    | Note
-------+----------+-------------------------------------------
     0 | Abyss:1  | spiderkeys the Vine Stalker Abyssal Knight began the quest
                  | for the Orb.
     0 | Abyss:1  | Reached XP level 1. HP: 11/11 MP: 3/3
     0 | Abyss:1  | magus.rc [v1.9.10]
   218 | Abyss:1  | Noticed a basilisk
   266 | Abyss:1  | Noticed a quasit
   266 | Abyss:1  | Noticed a thrashing horror
   345 | Abyss:2  | Noticed a large abomination
   347 | Abyss:2  | Noticed a smoke demon
   352 | Abyss:2  | HP: 1/11 [smoke demon/divine providence (7)]
   353 | Abyss:2  | Killed from afar by a smoke demon

Vanquished Creatures
  An ufetubus (Abyss:1)
1 creature vanquished.

Table legend:
 A = Non-vault XP
 B = Vault XP
 C = Vault XP percentage of total XP
 D = Non-vault monster count
 E = Vault monster count
 F = Vault count percentage of total count
                 A         B        C        D         E       F
            +---------+---------+-------+---------+---------+-------
      Total |       8 |       0 |   0.0 |       1 |       0 |   0.0
            +---------+---------+-------+---------+---------+-------
    Abyss:1 |       8 |       0 |   0.0 |       1 |       0 |   0.0
            +---------+---------+-------+---------+---------+-------

Illustrated notes

Table legend:
 A = Kills in this place as a percentage of kills in entire the game.
 B = Kills by you in this place as a percentage of kills by you in the entire game.
 C = Kills by friends in this place as a percentage of kills by friends in the entire game.
 D = Other kills in this place as a percentage of other kills in the entire game.
 E = Experience gained in this place as a percentage of experience gained in the entire game.
 F = Experience gained in this place divided by the number of levels of this place that you have seen.
                   A       B       C       D       E      F
               +-------+-------+-------+-------+-------+----------------------
         Total | 100.0 | 100.0 |   N/A |   N/A | 100.0 |   4.0
         Abyss | 100.0 | 100.0 |   N/A |   N/A | 100.0 |   4.0
               +-------+-------+-------+-------+-------+----------------------

Table legend: (Time is in decaauts)
 A = Elapsed time spent in this place.
 B = Non-inter-level travel time spent in this place.
 C = Inter-level travel time spent in this place.
 D = Time resting spent in this place.
 E = Time spent auto-exploring this place.
 F = Levels seen in this place.
 G = Mean time per level.
                   A        B        C        D        E       F      G
               +--------+--------+--------+--------+--------+-----+--------+
         Total |    352 |    352 |      0 |      0 |    205 |   2 |  176.0 |
         Abyss |    352 |    352 |      0 |      0 |    205 |   2 |  176.0 |
               +--------+--------+--------+--------+--------+-----+--------+

Top non-repeatable levels by time:
 Abyss:1: 269 daAuts
 Abyss:2: 83 daAuts
